 Dungeon Crawl Stone Soup version 0.16.1-5-gaa23807 (console) character file.

3523 Monkaria the Cleaver (level 9, -13/82 HPs)
             Began as a Deep Dwarf Fighter on Mar 28, 2015.
             Was a Believer of Makhleb.
             Mangled by a hill giant
             ... wielding a +0 giant club
              (28 damage)
             ... on level 8 of the Dungeon.
             The game lasted 00:22:20 (7641 turns).

Monkaria the Cleaver (Deep Dwarf Fighter)           Turns: 7641, Time: 00:22:21

Health: -13/82     AC:  9    Str: 25    XL:     9   Next: 81%
Magic:  2/2        EV: 10    Int: 10    God:    Makhleb [**....]
Gold:   348        SH:  0    Dex: 13    Spells: 0 memorised, 8 levels left

rFire  . . .     SeeInvis .     l - +0 battleaxe (curse)
rCold  + . .     Clarity  .     b - +0 scale mail (curse)
rNeg   . . .     SustAb   .     (no shield)
rPois  .         Gourm    .     (no helmet)
rElec  .         Spirit   .     (no cloak)
rCorr  .         Warding  .     (no gloves)
rMut   .         Stasis   .     h - +0 pair of boots
MR     +....                    (no amulet)
Stlth  ..........               w - +4 ring of strength
                                I - ring of protection from cold

@: non-regenerating, somewhat resistant to hostile enchantments, extremely
unstealthy
A: damage resistance, recharge devices, sense surroundings 2, slow healing 3
a: Device Recharging, Minor Destruction, Renounce Religion


You were on level 8 of the Dungeon.
You worshipped Makhleb.
Makhleb was pleased with you.
You were not hungry.

You visited 2 branches of the dungeon, and saw 9 of its levels.
You also visited: Ossuary.

You collected 348 gold pieces.

Inventory:

Hand weapons
 a - a +0 war axe
 l - a cursed +0 battleaxe (weapon)
 D - a +0 blowgun
 P - a +1 vampiric rapier
 R - a +1 dagger of holy wrath
Missiles
 G - 6 poisoned needles
Armour
 b - a cursed +0 scale mail (worn)
 c - a +0 shield
 h - a +0 pair of boots (worn)
 m - the cursed -5 helmet of Parlour Games {rF+ rN+ MR- SInv}
   (You took it off Robin on level 4 of the Dungeon)

   It protects you from fire.
   It protects you from negative energy.
   It affects your resistance to hostile enchantments.
   It enhances your eyesight.
   It has a curse placed upon it.
Jewellery
 r - an uncursed ring of magical power
 u - an uncursed ring of fire
 v - an uncursed ring of see invisible
 w - a +4 ring of strength (right hand)
 z - a cursed ring of magical power
 E - the amulet of Usuinkots {Gourm rC- Str+2 Dex+3}
   (You found it on level 5 of the Dungeon)

   [amulet of the gourmand]

   It allows you to eat raw meat even when not hungry.
   It affects your strength (+2).
   It affects your dexterity (+3).
   It makes you vulnerable to cold.
 I - a ring of protection from cold (left hand)
 M - an uncursed ring of protection from cold
Magical devices
 d - a wand of heal wounds (0)
 n - a wand of magic darts (13)
 o - a wand of flame (0)
 B - a wand of polymorph (1)
 F - a wand of teleportation (6)
 O - a wand of invisibility (2)
Scrolls
 i - 3 scrolls of amnesia
 k - 6 scrolls of remove curse
 s - a scroll of enchant weapon
 y - 5 scrolls of teleportation
 A - 2 scrolls of fog {unknown}
 C - a scroll of silence {unknown}
 H - a scroll of recharging {unknown}
 K - a scroll of blinking {unknown}
Potions
 e - 2 potions of might
 g - 6 potions of haste
 j - 4 potions of curing
 p - 2 potions of resistance
 q - 3 potions of heal wounds
 t - 3 potions of brilliance
 x - 2 potions of beneficial mutation
 L - a potion of ambrosia
 N - a potion of cancellation
Books
 J - a book of Enchantments

   Spells                             Type                      Level
   a - Tukima's Dance                 Hexes                        3
   b - Cause Fear                     Hexes                        4
   c - Silence                        Hexes/Air                    5
   d - Deflect Missiles               Charms/Air                   6
   e - Haste                          Charms                       6
   f - Discord                        Hexes                        8
 Q - a book of Flames

   Spells                             Type                      Level
   a - Flame Tongue                   Conjuration/Fire             1
   b - Throw Flame                    Conjuration/Fire             2
   c - Conjure Flame                  Conjuration/Fire             3
   d - Inner Flame                    Hexes/Fire                   3
   e - Sticky Flame                   Conjuration/Fire             4
   f - Fireball                       Conjuration/Fire             5
Comestibles
 f - 5 bread rations
 S - 6 chunks of flesh


   Skills:
 - Level 6.0 Fighting
 + Level 12.3 Axes
 - Level 7.1 Armour
 - Level 3.2 Shields


You had 8 spell levels left.
You didn't know any spells.

Dungeon Overview and Level Annotations

Branches:
Dungeon (8/15)             Temple (1/1) D:5            Lair (0/8) D:8

Altars:
Ashenzari
Cheibriados
Dithmenos
Elyvilon
Fedhas
Gozag
Kikubaaqudgha
Makhleb
Nemelex Xobeh
Okawaru
Sif Muna
Trog
Vehumet
Xom
Yredelemnul
Zin
The Shining One

Shops:
D:4 (

Annotations:
D:8 Erolcha


Innate Abilities, Weirdness & Mutations

You are resistant to damage.
You can recharge devices by infusing magical energy.
You passively map the area around you.
You do not heal naturally.


Message History

The hill giant hits you with a giant club!!!
You hear an angry hiss.
Unknown command.
You hit the hill giant!
The hill giant is severely wounded.
You hit the rat.
You kill the rat!
Makhleb accepts your kill.
You feel a little better. The hill giant completely misses you.
Evoke which item? (* to show all) (? for menu, Esc to quit)
Zapping:
d - a wand of heal wounds (1)
Press: ? - help, Shift-Dir - straight line, f - you You feel much better.
This wand has 0 charges left.
The hill giant hits you with a giant club!!!
* * * LOW HITPOINT WARNING * * *
Unknown command.
You hit the hill giant!
The hill giant is almost dead.
The hill giant hits you with a giant club!!
You die...

≈≈§≈≈≈⌠..⌠≈≈≈≈§ ≈#...).P#>.#P.
≈§§§§§§§.§≈≈≈§§§ #...P)P#..'..
§≈≈≈≈§§§§.§§≈≈≈§≈ #.PPPP.####P.
#§≈≈≈≈≈≈..≈≈≈≈≈≈≈###..P.P.P..)P
##≈≈≈≈≈≈..≈≈§≈§≈##....)......P.
##≈≈≈≈≈.§§§§≈§##.......P.PPP..
##≈§≈§..§§§≈##..........PP.P.
##§≈≈.§§§§##................
####++####@.............#..
#.....C.#.....##....##.#
#########.....####'###.#
#................
#................
#................
#......##.......#
#......###+######
##.....##........


You could see a hill giant.

Vanquished Creatures
  Eustachio (D:7)
  A deep elf fighter (D:8)
  A water moccasin (D:7)
  An orc warrior (D:5)
  A black bear (D:6)
  An ice beast (D:5)
  2 ogres
  2 centaurs
  Sigmund (D:3)
  Duvessa (D:8)
  An elf zombie (D:8)
  A wyvern zombie (Ossuary)
  A scorpion (D:7)
  3 killer bees (D:8)
  2 wights (D:8)
  Dowan (D:8)
  2 centaur zombies (Ossuary)
  5 bog bodies (Ossuary)
  2 goliath beetles (D:6)
  2 crimson imps
  4 giant frog zombies (Ossuary)
  5 human zombies (D:8)
  4 hounds
  4 orc wizards
  6 orc priests
  An iguana (D:7)
  A human skeleton (D:8)
  11 worker ants
  A killer bee zombie (Ossuary)
  2 hound zombies
  A hound skeleton (D:5)
  7 mummies
  Robin (D:4)
  18 adders
  A worker ant zombie (Ossuary)
  3 gnolls (D:2)
  4 river rats (D:8)
  2 shadow imps
  A worm (D:3)
  3 adder zombies (Ossuary)
  An adder skeleton (D:6)
  3 giant geckos
  An ooze (D:2)
  22 orcs
  2 ball pythons
  2 bat zombies (Ossuary)
  7 giant cockroaches
  15 hobgoblins
  5 jackals (D:1)
  6 quokkas
  18 bats
  A giant gecko zombie (D:6)
  2 giant newts (D:1)
  17 goblins
  16 kobolds
  A quokka zombie (Ossuary)
  20 rats
  3 ballistomycetes (D:6)
254 creatures vanquished.

Vanquished Creatures (others)
  A crimson imp (D:6)
  A giant spore (D:6)
2 creatures vanquished.

Grand Total: 256 creatures vanquished

Notes
Turn   | Place    | Note
--------------------------------------------------------------
     0 | D:1      | Monkaria, the Deep Dwarf Fighter, began the quest for the Orb.
     0 | D:1      | Reached XP level 1. HP: 20/20 MP: 1/1
   310 | D:1      | Reached XP level 2. HP: 25/28 MP: 2/2
   838 | D:2      | Reached XP level 3. HP: 19/36 MP: 3/3
   855 | D:2      | Reached skill level 4 in Fighting
  1233 | D:3      | Noticed Sigmund
  1242 | D:2      | Reached XP level 4. HP: 43/45 MP: 4/4
  1345 | D:3      | Killed Sigmund
  1345 | D:3      | Reached skill level 5 in Fighting
  1345 | D:3      | Reached XP level 5. HP: 22/52 MP: 5/5
  1452 | D:3      | Found a shimmering altar of Xom.
  1453 | D:3      | Found a basalt altar of Yredelemnul.
  1481 | D:3      | Found a blossoming altar of Fedhas.
  1566 | D:3      | Reached skill level 6 in Fighting
  1708 | D:3      | Reached XP level 6. HP: 25/62 MP: 5/5
  1934 | D:4      | Found Sikudipoh's Weapon Shop.
  2174 | D:4      | Noticed Robin
  2182 | D:4      | Killed Robin
  2184 | D:4      | Got an encrusted helmet
  2196 | D:4      | Reached skill level 5 in Axes
  2227 | D:4      | Found a sand-covered staircase.
  2232 | Ossuary  | Entered an ossuary
  2243 | Ossuary  | Identified the cursed -5 helmet of Parlour Games {rF+ rN+ MR- SInv} (You took it off Robin on level 4 of the Dungeon)
  2290 | Ossuary  | Reached XP level 7. HP: 37/69 MP: 5/5
  2453 | Ossuary  | Reached skill level 7 in Axes
  2597 | Ossuary  | Reached skill level 5 in Armour
  2597 | Ossuary  | Reached XP level 8. HP: 29/76 MP: 5/5
  2936 | D:4      | Found a shadowy altar of Dithmenos.
  3148 | D:5      | Entered Level 5 of the Dungeon
  3248 | D:5      | Found a staircase to the Ecumenical Temple.
  3258 | Temple   | Entered the Ecumenical Temple
  3391 | D:5      | Got a sparkling ruby amulet
  3413 | D:5      | Identified the amulet of Usuinkots {Gourm rC- Str+2 Dex+3} (You found it on level 5 of the Dungeon)
  4520 | D:6      | Reached skill level 8 in Axes
  4823 | D:6      | Found a glowing golden altar of the Shining One.
  5050 | D:6      | Reached skill level 9 in Axes
  5325 | D:6      | Found a snail-covered altar of Cheibriados.
  5521 | D:7      | Gained mutation: You passively map the area around you. [level up]
  5521 | D:7      | Reached XP level 9. HP: 34/82 MP: 4/4
  5549 | D:7      | Found a sparkling altar of Nemelex Xobeh.
  5796 | D:7      | Found a burning altar of Makhleb.
  5810 | D:7      | Became a worshipper of Makhleb the Destroyer
  5867 | D:7      | Reached skill level 10 in Axes
  6278 | D:7      | Noticed Eustachio
  6289 | D:7      | Killed Eustachio
  6752 | D:8      | Acquired Makhleb's first power
  6853 | D:8      | Noticed Duvessa
  6853 | D:8      | Noticed Dowan
  6882 | D:8      | Killed Duvessa
  6882 | D:8      | Reached skill level 11 in Axes
  6886 | D:8      | Killed Dowan
  6917 | D:8      | Found an ancient bone altar of Kikubaaqudgha.
  7076 | D:8      | Acquired Makhleb's second power
  7333 | D:8      | Found a staircase to the Lair.
  7350 | D:8      | Reached skill level 12 in Axes
  7440 | D:8      | Found a radiant altar of Vehumet.
  7450 | D:8      | Found a shimmering altar of Xom.
  7596 | D:8      | Noticed Erolcha
  7598 | D:8      | Noticed a hill giant
  7641 | D:8      | Mangled by a hill giant

Action                   |  1- 3 |  4- 6 |  7- 9 || total
-------------------------+-------+-------+-------++-------
Melee: War axe           |   135 |   269 |   461 ||   865
       Rapier            |       |       |   417 ||   417
       Battleaxe         |       |       |     8 ||     8
       Unarmed           |       |       |     2 ||     2
 Abil: Device Recharging |       |     2 |     5 ||     7
Evoke: Wand              |     1 |     8 |    27 ||    36
  Use: Scroll            |       |     8 |    10 ||    18
       Potion            |       |       |     1 ||     1
 Stab: Confused          |       |       |     1 ||     1
  Eat: Chunk             |       |     6 |    13 ||    19
       Beef jerky        |       |       |     2 ||     2
       Fruit             |       |       |     3 ||     3
       Meat ration       |       |       |     1 ||     1
